EVO
UNIVERSITY OF NORTH CAROLINA AT CHAPEL HILL TAR HEELS @ UNIVERSITY OF ARIZONA WILDCATS
07/09/2045
 
TOP OF THE 1ST
University of North Carolina at Chapel Hill Tar Heels batting - Pitching for University of Arizona Wildcats : LHP Brad Guffin
Pitching: LHP Brad Guffin
Batting: RHB R.J. Gomez 0-0: Ball
1-0: Ball
2-0: Ball
3-0: Called Strike
3-1: Called Strike
3-2: Strikes out swinging
Batting: SHB Dan Strickland 0-0: Ball
1-0: Fly out, F8 (Flyball, 8RD, EV 103.8 MPH)
Batting: RHB Akira Kubo 0-0: Foul Ball, location: 2F
0-1: Ball
1-1: Ball
2-1: SINGLE (Groundball, 4MD, EV 96.2 MPH)
Batting: LHB Ramon Garduno 0-0: Called Strike
0-1: Swinging Strike
0-2: Ball
1-2: Foul Ball, location: 2F
1-2: Ball
2-2: Strikes out swinging
Top of the 1st over - 0 runs, 1 hit, 0 errors, 1 left on base; University of North Carolina at Chapel Hill 0 - University of Arizona 0
BOTTOM OF THE 1ST
University of Arizona Wildcats batting - Pitching for University of North Carolina at Chapel Hill Tar Heels : RHP François Leclerc
Pitching: RHP François Leclerc
Batting: RHB Costantino Dolfini 0-0: Ball
1-0: Ball
2-0: Ball
3-0: Called Strike
3-1: Base on Balls
Batting: RHB Arnaud Derosiers 0-0: Ball
Costantino Dolfini is caught stealing 2nd base 2-4
1-0: Called Strike
1-1: Called Strike
1-2: Ball
2-2: Ball
3-2: Fly out, F7 (Flyball, 7S, EV 88.8 MPH)
Batting: SHB Eric Kelley 0-0: Ball
1-0: Called Strike
1-1: Ball
2-1: Swinging Strike
2-2: Ball
3-2: Fly out, F3 (Line Drive, 3, EV 66.9 MPH)
Bottom of the 1st over - 0 runs, 0 hits, 0 errors, 0 left on base; University of North Carolina at Chapel Hill 0 - University of Arizona 0
TOP OF THE 2ND
University of North Carolina at Chapel Hill Tar Heels batting - Pitching for University of Arizona Wildcats : LHP Brad Guffin
Batting: RHB Cesar Rendon 0-0: Reached on error, E6 (Groundball, 56, EV 87.5 MPH)
Batting: LHB Danny de Leon 0-0: Called Strike
0-1: Ball
1-1: 2-RUN HOME RUN (Flyball, 8LXD, EV 115.0 MPH), Distance : 459 ft
Batting: RHB Bill Rhodes 0-0: Called Strike
0-1: Ball
1-1: Fly out, F7 (Flyball, 7LM, EV 88.1 MPH)
Batting: LHB Angelo Lira 0-0: Swinging Strike
0-1: Ground out U3 (Groundball, 13, EV 90.6 MPH)
Batting: RHB Jerry Afghani 0-0: Swinging Strike
0-1: Ball
1-1: Foul Ball, location: 2F
1-2: Fly out, F8 (Line Drive, 8RD, EV 95.6 MPH)
Top of the 2nd over - 2 runs, 1 hit, 1 error, 0 left on base; University of North Carolina at Chapel Hill 2 - University of Arizona 0
BOTTOM OF THE 2ND
University of Arizona Wildcats batting - Pitching for University of North Carolina at Chapel Hill Tar Heels : RHP François Leclerc
Batting: RHB Daniel Wise 0-0: Ball
1-0: Swinging Strike
1-1: Ball
2-1: Foul Ball, location: 2F
2-2: Foul Ball, location: 2F
2-2: Ball
3-2: DOUBLE (Flyball, 8RD, EV 100.0 MPH)
Batting: RHB Eric McClelland 0-0: Swinging Strike
0-1: Ground out 6-3 (Groundball, 6M, EV 84.4 MPH)
Daniel Wise to third
Batting: RHB Jorge Gonzales 0-0: Fly out, F7 (Flyball, 78D, EV 96.9 MPH)
Runner from 3rd tags up, SCORES, throw by LF
Batting: RHB Melvin Nava 0-0: Ball
1-0: Ground out 5-3 (Groundball, 56S, EV 72.5 MPH)
Bottom of the 2nd over - 1 run, 1 hit, 0 errors, 0 left on base; University of North Carolina at Chapel Hill 2 - University of Arizona 1
TOP OF THE 3RD
University of North Carolina at Chapel Hill Tar Heels batting - Pitching for University of Arizona Wildcats : LHP Brad Guffin
Batting: RHB R.J. Gomez 0-0: Ground out U3 (Groundball, 3, EV 85.6 MPH)
Batting: SHB Dan Strickland 0-0: Foul Ball, location: 2F
0-1: Ground out 4-3 (Groundball, 4MD, EV 106.9 MPH)
Batting: RHB Akira Kubo 0-0: Foul Ball, location: 2F
0-1: Fly out, F9 (Flyball, 89S, EV 86.9 MPH)
Top of the 3rd over - 0 runs, 0 hits, 0 errors, 0 left on base; University of North Carolina at Chapel Hill 2 - University of Arizona 1
BOTTOM OF THE 3RD
University of Arizona Wildcats batting - Pitching for University of North Carolina at Chapel Hill Tar Heels : RHP François Leclerc
Batting: RHB David Powell 0-0: DOUBLE (Line Drive, 89D, EV 105.0 MPH) - OUT at third base trying to stretch hit.
Batting: RHB Valentin Catanho 0-0: Called Strike
0-1: Fly out, F9 (Flyball, 9S, EV 80.0 MPH)
Batting: RHB Costantino Dolfini 0-0: Called Strike
0-1: Called Strike
0-2: Ball
1-2: Foul Ball, location: 2F
1-2: Fly out, F9 (Flyball, 9, EV 95.6 MPH)
Bottom of the 3rd over - 0 runs, 1 hit, 0 errors, 0 left on base; University of North Carolina at Chapel Hill 2 - University of Arizona 1
TOP OF THE 4TH
University of North Carolina at Chapel Hill Tar Heels batting - Pitching for University of Arizona Wildcats : LHP Brad Guffin
Batting: LHB Ramon Garduno 0-0: Ball
1-0: Called Strike
1-1: Fly out, F7 (Flyball, 7S, EV 88.1 MPH)
Batting: RHB Cesar Rendon 0-0: Called Strike
0-1: Ball
1-1: Ball
2-1: Ball
3-1: Base on Balls
Batting: LHB Danny de Leon 0-0: Ball
1-0: Called Strike
1-1: Fielders Choice at 2nd, 1-6 (Groundball, 13S, EV 73.1 MPH)
Batting: RHB Bill Rhodes 0-0: Fly out, F7 (Flyball, 7, EV 88.8 MPH)
Top of the 4th over - 0 runs, 0 hits, 0 errors, 1 left on base; University of North Carolina at Chapel Hill 2 - University of Arizona 1
BOTTOM OF THE 4TH
University of Arizona Wildcats batting - Pitching for University of North Carolina at Chapel Hill Tar Heels : RHP François Leclerc
Batting: RHB Arnaud Derosiers 0-0: DOUBLE (Flyball, 8LXD, EV 91.2 MPH)
Batting: SHB Eric Kelley 0-0: Ball
1-0: Called Strike
1-1: Ball
2-1: Ball
3-1: Foul Ball, location: 2F
3-2: DOUBLE (Flyball, 9LD, EV 105.6 MPH)
Arnaud Derosiers scores
Batting: RHB Daniel Wise 0-0: Swinging Strike
0-1: Ball
1-1: Ball
2-1: Called Strike
2-2: SINGLE (Flyball, 89S, EV 97.5 MPH)
Eric Kelley to third
Runner from 3rd tries for Home, SAFE, throw by RF to home
Batting: RHB Eric McClelland 0-0: Ball
1-0: Fly out, F6 (Popup, 6, EV 58.8 MPH)
Batting: RHB Jorge Gonzales 0-0: Ball
1-0: Ball
2-0: SINGLE (Flyball, 34D, EV 83.1 MPH)
Daniel Wise to second
Batting: RHB Melvin Nava 0-0: Called Strike
0-1: Called Strike
0-2: Fielders Choice at 2nd, 3-6 (Groundball, 3, EV 98.8 MPH)
Daniel Wise to third
Batting: RHB David Powell 0-0: Fly out, F9 (Flyball, 89S, EV 88.1 MPH)
Bottom of the 4th over - 2 runs, 4 hits, 0 errors, 2 left on base; University of North Carolina at Chapel Hill 2 - University of Arizona 3
TOP OF THE 5TH
University of North Carolina at Chapel Hill Tar Heels batting - Pitching for University of Arizona Wildcats : LHP Brad Guffin
Pitching: RHP Victor Maravilla
Batting: LHB Angelo Lira 0-0: Called Strike
0-1: Ball
1-1: Ball
2-1: Ball
3-1: Fly out, F1 (Line Drive, P, EV 64.4 MPH)
Batting: RHB Jerry Afghani 0-0: Swinging Strike
0-1: Ball
1-1: Foul Ball, location: 2F
1-2: Ball
2-2: Foul Ball, location: 2F
2-2: Fly out, F5 (Line Drive, 5, EV 67.5 MPH)
Batting: RHB R.J. Gomez 0-0: Called Strike
0-1: Ball
1-1: Called Strike
1-2: Ball
2-2: Foul Ball, location: 2F
2-2: Ball
3-2: Ground out 6-3 (Groundball, 6, EV 105.6 MPH)
Top of the 5th over - 0 runs, 0 hits, 0 errors, 0 left on base; University of North Carolina at Chapel Hill 2 - University of Arizona 3
BOTTOM OF THE 5TH
University of Arizona Wildcats batting - Pitching for University of North Carolina at Chapel Hill Tar Heels : RHP François Leclerc
Pitching: RHP Ramon Mena
Batting: RHB Valentin Catanho 0-0: Ball
1-0: Ball
2-0: Fly out, F8 (Flyball, 8RM, EV 88.8 MPH)
Batting: RHB Costantino Dolfini 0-0: Called Strike
0-1: Foul Ball, location: 2F
0-2: Ball
1-2: Strikes out swinging
Batting: RHB Arnaud Derosiers 0-0: Fly out, F8 (Flyball, 89M, EV 90.6 MPH)
Bottom of the 5th over - 0 runs, 0 hits, 0 errors, 0 left on base; University of North Carolina at Chapel Hill 2 - University of Arizona 3
TOP OF THE 6TH
University of North Carolina at Chapel Hill Tar Heels batting - Pitching for University of Arizona Wildcats : RHP Victor Maravilla
Batting: SHB Dan Strickland 0-0: Called Strike
0-1: Ball
1-1: Fly out, F2 (Popup, 2LF, EV 89.4 MPH)
Batting: RHB Akira Kubo 0-0: Ball
1-0: Swinging Strike
1-1: Foul Ball, location: 2F
1-2: Ball
2-2: Ground out U3 (Groundball, 3, EV 79.4 MPH)
Batting: LHB Ramon Garduno 0-0: Ball
1-0: Foul Ball, location: 2F
1-1: Ground out 6-3 (Groundball, 6, EV 106.2 MPH)
Top of the 6th over - 0 runs, 0 hits, 0 errors, 0 left on base; University of North Carolina at Chapel Hill 2 - University of Arizona 3
BOTTOM OF THE 6TH
University of Arizona Wildcats batting - Pitching for University of North Carolina at Chapel Hill Tar Heels : RHP Ramon Mena
Batting: SHB Eric Kelley 0-0: Called Strike
0-1: Fly out, F8 (Line Drive, 8RD, EV 83.8 MPH)
Batting: RHB Daniel Wise 0-0: DOUBLE (Line Drive, 78M, EV 101.2 MPH)
Batting: RHB Eric McClelland 0-0: Called Strike
0-1: Foul Ball, location: 2F
0-2: Foul Ball, location: 2F
0-2: Strikes out looking
Batting: RHB Jorge Gonzales 0-0: Called Strike
0-1: Called Strike
0-2: Ball
1-2: Strikes out swinging
Bottom of the 6th over - 0 runs, 1 hit, 0 errors, 1 left on base; University of North Carolina at Chapel Hill 2 - University of Arizona 3
TOP OF THE 7TH
University of North Carolina at Chapel Hill Tar Heels batting - Pitching for University of Arizona Wildcats : RHP Victor Maravilla
Pitching: RHP Yen-nien Luo
Batting: RHB Cesar Rendon 0-0: Ball
1-0: SINGLE (Groundball, 6MD, EV 98.8 MPH)
Batting: LHB Danny de Leon 0-0: Called Strike
0-1: Fly out, F8 (Flyball, 89D, EV 85.0 MPH)
Pinch Hitting: RHB Juan Medina 0-0: Ball
1-0: Fly out, F9 (Flyball, 9, EV 90.6 MPH)
Pinch Hitting: RHB Tyler Johnson 0-0: Ground out 3-1 (Groundball, 34S, EV 85.0 MPH)
Top of the 7th over - 0 runs, 1 hit, 0 errors, 1 left on base; University of North Carolina at Chapel Hill 2 - University of Arizona 3
BOTTOM OF THE 7TH
University of Arizona Wildcats batting - Pitching for University of North Carolina at Chapel Hill Tar Heels : RHP Ramon Mena
Pitching: LHP Matt DeGrado
Now at 2B: Tyler Johnson
Now in CF: Timotheus Young
Batting: RHB Melvin Nava 0-0: Ball
1-0: Ball
2-0: Called Strike
2-1: Swinging Strike
2-2: SINGLE (Groundball, 6MD, EV 97.5 MPH)
Batting: RHB David Powell 0-0: Ball
1-0: Ball
Wild Pitch!
Melvin Nava to second
2-0: Intentional Walk
Batting: RHB Valentin Catanho 0-0: Called Strike
0-1: Ball
1-1: Ball
2-1: SINGLE (Line Drive, 7S, EV 95.0 MPH)
Melvin Nava to third
David Powell to second
Runner from 3rd tries for Home, SAFE, throw by LF to home
Pinch Hitting: RHB Randy Barry 0-0: TRIPLE (Flyball, 89XD, EV 98.8 MPH)
David Powell scores
Valentin Catanho scores
Pitching: LHP Scott Morrisey
Pinch Hitting: RHB Alexis Graciani 0-0: Called Strike
0-1: Ground out U3 (Groundball, 34, EV 107.5 MPH)
Randy Barry scores
Batting: SHB Eric Kelley 0-0: Called Strike
0-1: Ball
1-1: Foul Ball, location: 2F
1-2: Foul Ball, location: 2F
1-2: Ball
2-2: Ball
3-2: SOLO HOME RUN (Flyball, 78XD, EV 113.1 MPH), Distance : 435 ft
Batting: RHB Daniel Wise 0-0: Called Strike
0-1: Ball
1-1: Ball
2-1: Ball
3-1: Foul Ball, location: 2F
3-2: Foul Ball, location: 2F
3-2: Base on Balls
Batting: RHB Ricky Aguilar 0-0: Ball
1-0: Fly out, F8 (Flyball, 8LM, EV 86.2 MPH)
Batting: RHB Jorge Gonzales
Pinch Hitting: RHB Robbie Gautreaux 0-0: Reached on error, E4 (Groundball, 4, EV 89.4 MPH)
Daniel Wise to second
Pinch Hitting: RHB Rob Price 0-0: Called Strike
0-1: SINGLE (Line Drive, 9S, EV 106.9 MPH)
Daniel Wise to third
Robbie Gautreaux to second
Runner from 3rd tries for Home, SAFE, throw by RF to home
Batting: RHB David Powell 0-0: Fly out, F8 (Flyball, 8RD, EV 93.8 MPH)
Bottom of the 7th over - 6 runs, 5 hits, 1 error, 2 left on base; University of North Carolina at Chapel Hill 2 - University of Arizona 9
TOP OF THE 8TH
University of North Carolina at Chapel Hill Tar Heels batting - Pitching for University of Arizona Wildcats : RHP Yen-nien Luo
Now at 1B: Alexis Graciani
Now at 2B: Rob Price
Now at SS: Robbie Gautreaux
Now in CF: Randy Barry
Pinch Hitting: RHB Yasuoka Tsuda 0-0: Ball
1-0: Ground out 4-3 (Groundball, 34, EV 89.4 MPH)
Batting: RHB R.J. Gomez 0-0: Reached on error, E3 (Flyball, 3D, EV 88.1 MPH)
Pinch Hitting: RHB Danny Diaz 0-0: Ball
Passed Ball!
R.J. Gomez to second
1-0: Ball
2-0: Swinging Strike
2-1: Foul Ball, location: 2F
2-2: Ball
3-2: Base on Balls
Batting: RHB Akira Kubo 0-0: Called Strike
0-1: Ball
1-1: Reached on error, E4 (Flyball, 34D, EV 80.0 MPH)
R.J. Gomez to third
Danny Diaz to second
Pitching: RHP Bill McAskill
Batting: LHB Ramon Garduno 0-0: Called Strike
0-1: Ball
1-1: Ball
2-1: Foul Ball, location: 2F
2-2: Fly out, F8 (Flyball, 8RD, EV 80.0 MPH)
Runner from 3rd tags up, SCORES, throw by CF
Danny Diaz to third
Pinch Hitting: LHB Stu Proulx Balk!
Danny Diaz scores
Akira Kubo to second
0-0: Foul Ball, location: 2F
0-1: Swinging Strike
0-2: Ground out 1-3 (Groundball, 13S, EV 72.5 MPH)
Top of the 8th over - 2 runs, 0 hits, 2 errors, 1 left on base; University of North Carolina at Chapel Hill 4 - University of Arizona 9
BOTTOM OF THE 8TH
University of Arizona Wildcats batting - Pitching for University of North Carolina at Chapel Hill Tar Heels : LHP Scott Morrisey
Now at 3B: Yasuoka Tsuda
Now in LF: Ryan Fridley
Now in RF: Stu Proulx
Batting: RHB Valentin Catanho 0-0: Swinging Strike
0-1: Fly out, F7 (Flyball, 7S, EV 83.1 MPH)
Batting: RHB Randy Barry 0-0: Swinging Strike
0-1: Fly out, F6 (Line Drive, 6, EV 67.5 MPH)
Batting: RHB Alexis Graciani 0-0: Ball
1-0: Ball
2-0: Ball
3-0: Called Strike
3-1: Base on Balls
Pitching: LHP Jose Herrera
Pinch Hitting: RHB Diego Herrera 0-0: Fly out, F4 (Popup, 13, EV 75.0 MPH)
Bottom of the 8th over - 0 runs, 0 hits, 0 errors, 1 left on base; University of North Carolina at Chapel Hill 4 - University of Arizona 9
TOP OF THE 9TH
University of North Carolina at Chapel Hill Tar Heels batting - Pitching for University of Arizona Wildcats : RHP Bill McAskill
Now in LF: Zion Campbell
Batting: RHB Jaylen Buckley 0-0: Ball
1-0: SOLO HOME RUN (Flyball, 7D, EV 101.9 MPH), Distance : 405 ft
Pinch Hitting: RHB John Norton 0-0: SINGLE (Flyball, 5D, EV 92.5 MPH)
Pinch Hitting: LHB Brian Woods 0-0: Ball
1-0: SINGLE (Line Drive, 4D, EV 98.8 MPH)
John Norton to second
Batting: RHB Yasuoka Tsuda 0-0: Called Strike
0-1: Ball
Wild Pitch!
John Norton to third
Brian Woods to second
1-1: Swinging Strike
1-2: Foul Ball, location: 2F
1-2: Ball
2-2: Foul Ball, location: 2F
2-2: Strikes out looking
Batting: RHB R.J. Gomez 0-0: Ball
1-0: Foul Ball, location: 2F
1-1: Foul Ball, location: 2F
1-2: Foul Ball, location: 2F
1-2: Ground out 4-3 (Groundball, 4, EV 81.9 MPH)
John Norton scores
Brian Woods to third
Pitching: RHP Danny Estrada
Pinch Hitting: RHB Brian Bell 0-0: Fly out, F2 (Popup, 3SF, EV 78.8 MPH)
Top of the 9th over - 2 runs, 3 hits, 0 errors, 1 left on base; University of North Carolina at Chapel Hill 6 - University of Arizona 9
Wednesday, June 22nd , 2022 - OOTP Baseball 23.4 Build 64